 Dungeon Crawl Stone Soup version 0.24-a0-479-g9a978d2894 (webtiles) character file.

Game seed: 11678056792223878121

3118 Azzok the Thaumaturge (level 9, -10/45 HPs)
             Began as a Deep Elf Earth Elementalist on July 6, 2019.
             Was a Follower of Vehumet.
             Killed from afar by Erica (19 damage)
             ... with a bolt of poison
             ... on level 8 of the Dungeon.
             The game lasted 00:12:43 (9273 turns).

Azzok the Thaumaturge (Deep Elf Earth Elementalist) Turns: 9273, Time: 00:12:44

Health: -10/45     AC:  3    Str:  5    XL:     9   Next: 60%
Magic:  25/25      EV: 13    Int: 24    God:    Vehumet [*.....]
Gold:   310        SH:  3    Dex: 15    Spells: 20/29 levels left

rFire    . . .     SeeInvis .   s - +1 flail (crush)
rCold    . . .     Gourm    .   (no shield)
rNeg     . . .     Faith    .   x - +0 robe (curse)
rPois    .         Spirit   .   m - +0 helmet
rElec    .         Reflect  +   p - +0 cloak
rCorr    .         Harm     .   a - +0 pair of gloves
MR       .....                  A - +0 pair of boots
Stlth    ++........             c - +3 amulet of reflection
HPRegen  0.15/turn              o - -3 ring of protection (curse)
MPRegen  0.19/turn              (no ring)

@: lethally poisoned (-10 -> -22), about to teleport, slowed, very slow
A: no striking features
a: Renounce Religion


You were on level 8 of the Dungeon.
You worshipped Vehumet.
Vehumet was aware of your devotion.
You were not hungry.

You visited 2 branches of the dungeon, and saw 9 of its levels.
You also visited: Sewer.

You collected 310 gold pieces.

Inventory:

Hand Weapons
 s - a +1 flail of crushing (weapon)
Missiles
 b - 95 stones (quivered)
Armour
 a - a +0 pair of gloves (worn)
 m - a +0 helmet (worn)
 p - a +0 cloak (worn)
 x - a cursed +0 robe (worn)
 A - a +0 pair of boots (worn)
 E - a +0 buckler
Jewellery
 c - a +3 amulet of reflection (around neck)
 o - a cursed -3 ring of protection (left hand)
 v - an uncursed ring of ice
Wands
 y - a wand of flame (16)
Scrolls
 f - 3 scrolls of teleportation
 g - 2 scrolls of amnesia
 i - 4 scrolls of blinking
 t - a scroll of fog
 w - a scroll of holy word {unknown}
 B - a scroll of enchant weapon
 D - a scroll of remove curse {unknown}
Potions
 e - 3 potions of haste
 h - 2 potions of degeneration {unknown}
 j - 2 potions of lignification {unknown}
 k - a potion of ambrosia {unknown}
 l - a potion of agility
 n - 3 potions of heal wounds
 q - 4 potions of curing
 r - a potion of invisibility
 u - 2 potions of brilliance {unknown}
 z - a potion of mutation {!q}
 C - 7 potions of flight
 F - a potion of resistance {unknown}
 G - a potion of cancellation {unknown}
Comestibles
 d - 9 rations


   Skills:
 - Level 2.4 Dodging
 - Level 2.4 Stealth
 + Level 0.5 Shields
 + Level 10.5 Spellcasting
 + Level 8.1 Conjurations
   Level 1.1 Transmutations
 + Level 9.2 Earth Magic
 + Level 1.3 Evocations


You had 20 spell levels left.
You knew the following spells:

 Your Spells              Type           Power        Failure   Level  Hunger
a - Sandblast             Erth           ######       1%          1    None
b - Stone Arrow           Conj/Erth      ######       1%          3    None
d - Lee's Rapid Deconstr  Erth           ######....   3%          5    ####...

Your spell library contained the following spells:

 Spells                   Type           Power        Failure   Level  Hunger
 Magic Dart               Conj           ####         1%          1    None
 Shock                    Conj/Air       ####         1%          1    None
 Passwall                 Tmut/Erth      #####...     1%          2    None
 Static Discharge         Conj/Air       ####....     2%          3    None
 Petrify                  Tmut/Erth      #####...     6%          4    None
 Swiftness                Chrm/Air       ##......     8%          2    None
 Lightning Bolt           Conj/Air       ####......   26%         5    ####...
 Airstrike                Air            ##........   45%         4    None


Dungeon Overview and Level Annotations

Branches:
Dungeon (8/15)             Temple (1/1) D:6
   Lair: D:8-11

Altars:
Cheibriados
Fedhas
Gozag
Hepliaklqana
Kikubaaqudgha
Makhleb
Nemelex Xobeh
Qazlal
Ru
Vehumet
Wu Jian
Yredelemnul
Zin

Shops:
D:5 (

Annotations:
D:8 exclusion: oklob plant, Erica


Message History

You eat one of the 10 rations.
That ration really hit the spot!
Erica mumbles some strange words.
Erica flickers and vanishes!
Deactivating autopickup; reactivate with Ctrl-A.
Casting: Sandblast (safe; 1% risk of failure)
Confirm with . or Enter, or press ? or * to list all spells.
You can't see any susceptible monsters within range! (Use Z to cast anyway.)
You hear some strange, mumbled words.
An orb of energy appears from out of thin air!
The orb of energy hits you!!!
Ouch! That really hurt!
* * * LOW HITPOINT WARNING * * *
The orb of energy explodes!
As you read the scroll of teleportation, it crumbles to dust.
You feel strangely unstable.
You hear some strange, mumbled words.
A bolt of poison appears from out of thin air!
The bolt of poison hits you!!
You are lethally poisoned!
You die...

▒·····▒▒··▒▒···▒<········▒
▒·····▒▒··▒▒··▒▒····▒▒···▒
▒·····╬···▒▒··▒▒····▒▒···▒
▒▒▒▒▒▒▒▒··▒····▒>···▒▒▒▒▒▒
·····▒▒··▒····▒····▒
·········▒▒▒▒▒▒····▒
·········▒▒··▒▒····▒
·····▒▒······▒·····▒ ▒╬▒▒▒
▒··@···'·····▒
▒··▒▒··▒▒····▒
▒··▒▒▒▒▒▒····▒
▒·······▒····▒▒
▒·······▒·····▒
▒··▒▒··▒▒▒▒▒▒·▒ ·····
▒··▒▒··▒ ▒▒▒ ····· ▒·)·▒
·▒ ······ ▒···▒ ·▒


There were no monsters in sight!

Vanquished Creatures
  A hungry ghost (D:7)
  2 sky beasts
  A black bear (D:7)
  4 ice beasts
  2 phantoms
  3 ogres
  3 centaurs
  Blork the orc (D:6)
  3 scorpions
  3 killer bees (D:7)
  5 howler monkeys
  A crimson imp (D:5)
  2 jellies (D:5)
  5 orc priests (D:7)
  3 hounds
  2 bullfrog skeletons
  Crazy Yiuf (D:2)
  An iguana (D:5)
  5 worker ants
  6 orc wizards
  A killer bee zombie (D:6)
  A hound zombie (D:7)
  A worker ant zombie (D:6)
  10 gnolls
  10 adders
  4 shadow imps
  An ooze (D:5)
  3 worms
  4 dart slugs
  4 leopard geckos
  22 orcs
  2 ball pythons (Sewer)
  7 giant cockroaches
  4 goblins
  8 hobgoblins
  8 jackals
  13 bats
  6 frilled lizards
  2 jackal skeletons
  4 kobolds
  A leopard gecko skeleton (D:4)
  7 rats
177 creatures vanquished.

Notes
Turn   | Place    | Note
-------+----------+-------------------------------------------
     0 | D:1      | Azzok the Deep Elf Earth Elementalist began the quest for
                  | the Orb.
     0 | D:1      | Reached XP level 1. HP: 10/10 MP: 6/6
   488 | D:1      | Reached XP level 2. HP: 15/15 MP: 5/8
  1158 | D:1      | Reached skill level 4 in Spellcasting
  1379 | D:2      | Reached XP level 3. HP: 19/19 MP: 7/10
  1384 | D:2      | Learned a level 3 spell: Stone Arrow
  1481 | D:2      | Found an ancient bone altar of Kikubaaqudgha.
  1484 | D:2      | Found a basalt altar of Yredelemnul.
  1487 | D:2      | Found a stormy altar of Qazlal.
  1490 | D:2      | Found a glowing silver altar of Zin.
  1717 | D:2      | Found a runed translucent door.
  1718 | D:2      | Noticed Crazy Yiuf
  1724 | D:2      | Killed Crazy Yiuf
  1724 | D:2      | Reached skill level 1 in Conjurations
  1724 | D:2      | Reached XP level 4. HP: 24/24 MP: 5/12
  2841 | D:3      | Reached skill level 5 in Spellcasting
  2869 | D:3      | Reached XP level 5. HP: 28/28 MP: 9/14
  3137 | D:3      | Found a sparkling altar of Nemelex Xobeh.
  3320 | D:3      | Reached skill level 5 in Earth Magic
  4019 | D:4      | Learned a level 5 spell: Lee's Rapid Deconstruction
  4142 | D:4      | Noticed a phantom
  4147 | D:4      | Killed a phantom
  4147 | D:4      | Reached XP level 6. HP: 32/32 MP: 3/16
  4272 | D:4      | Reached skill level 6 in Spellcasting
  4708 | D:4      | Reached XP level 7. HP: 36/36 MP: 11/18
  4916 | D:4      | Found an ornate altar of the Wu Jian Council.
  5179 | D:5      | Entered Level 5 of the Dungeon
  5195 | D:5      | Found Ejirun's Weapon Shoppe.
  5608 | D:5      | Reached skill level 7 in Spellcasting
  5890 | D:5      | Found a burning altar of Makhleb.
  5949 | D:5      | Reached skill level 5 in Conjurations
  6019 | D:5      | Reached XP level 8. HP: 41/41 MP: 17/21
  6101 | D:5      | Reached skill level 8 in Spellcasting
  6362 | D:6      | Noticed Blork the orc
  6373 | D:6      | Killed Blork the orc
  6690 | D:6      | Found a glowing drain.
  6694 | Sewer    | Entered a sewer
  7277 | D:6      | Found a staircase to the Ecumenical Temple.
  7322 | D:6      | Found a sparkling altar of Nemelex Xobeh.
  7362 | Temple   | Entered the Ecumenical Temple
  7366 | Temple   | Became a worshipper of Vehumet
  7451 | D:7      | Found a blossoming altar of Fedhas.
  7509 | D:7      | Reached skill level 9 in Spellcasting
  7692 | D:7      | Reached XP level 9. HP: 42/45 MP: 4/24
  7943 | D:7      | Found a snail-covered altar of Cheibriados.
  8037 | D:7      | Reached skill level 10 in Spellcasting
  8154 | D:7      | Reached * piety under Vehumet
  8154 | D:7      | Offered knowledge of Magic Dart by Vehumet.
  9139 | D:8      | Reached skill level 1 in Evocations
  9258 | D:8      | Noticed an oklob plant
  9258 | D:8      | Noticed Erica
  9273 | D:8      | Killed from afar by Erica

Levels and vault maps discovered:
D:1:      dpeg_arrival_ternary, layout_basic, minivault_23
D:2:      layout_basic, grunt_temple_overflow_cloverleaf,
          uniq_crazy_yiuf_cottage
D:3:      layout_loops_ring, nemelex_diamond_rough_becter
D:4:      layout_basic, lemuel_round_altar, first_ration
D:5:      layout_loops_cross, serial_shops, nicolae_shop_statue_plus,
          grunt_ministairs_9, makhleb_heckhound_becter
D:6:      layout_rooms, minmay_temple_entry_enclosed_plants,
          gup_sewer_entry_spiral, nemelex_spade_bored_becter, uniq_blork_the_orc
D:7:      layout_cave_pools, fedhas_bush_and_centaur_altar, basic_altar
D:8:      layout_gridville, nemelex_xobeh_ov_fountains_minmay,
          hangedman_little_slice_of_home, disabler_island, uniq_maurice,
          uniq_erica, uniq_prince_ribbit1
Temple:   zaba_magenta_temple

Skill      XL: |  1  2  3  4  5  6  7  8  9 |
---------------+----------------------------+-----
Spellcasting   | 4 5 6 7 9 10 | 10.5
Earth Magic    | 4 5 6 8 9 |  9.2
Conjurations   | 1 2 3 4 5 7 8 |  8.1
Evocations     | 1 |  1.3
Dodging        | |  2.4
Stealth        | |  2.4
Shields        | |  0.5
Transmutations | |  1.1

Action                   |  1- 3 |  4- 6 |  7- 9 || total
-------------------------+-------+-------+-------++-------
Melee: Unarmed           |    39 |       |       ||    39
       Quarterstaff      |       |    12 |       ||    12
       Flail             |       |    29 |       ||    29
 Cast: Sandblast         |    28 |    35 |    66 ||   129
       Stone Arrow       |     3 |    32 |   117 ||   152
  Use: Scroll            |       |    10 |     6 ||    16
 Stab: Sleeping          |     6 |       |       ||     6
  Eat: Chunk             |     3 |     6 |     8 ||    17
       Ration            |       |     1 |     3 ||     4
Armor: Robe              |    10 |    18 |     7 ||    35
Dodge: Dodged            |    27 |    39 |    50 ||   116
Block: Other             |       |       |     1 ||     1

Table legend:
 A = Non-vault XP
 B = Vault XP
 C = Vault XP percentage of total XP
 D = Non-vault monster count
 E = Vault monster count
 F = Vault count percentage of total count
                 A         B        C        D         E       F
            +---------+---------+-------+---------+---------+-------
      Total |    4018 |     437 |   9.8 |     148 |      29 |  16.4
            +---------+---------+-------+---------+---------+-------
        D:1 |      37 |       0 |   0.0 |      21 |       0 |   0.0
        D:2 |      52 |      37 |  41.6 |       7 |       1 |  12.5
        D:3 |     175 |       0 |   0.0 |      24 |       0 |   0.0
        D:4 |     512 |       0 |   0.0 |      23 |       0 |   0.0
        D:5 |     700 |     102 |  12.7 |      16 |       3 |  15.8
        D:6 |     267 |     134 |  33.4 |       8 |       7 |  46.7
        D:7 |    1969 |     108 |   5.2 |      46 |       1 |   2.1
        D:8 |     306 |       0 |   0.0 |       3 |       0 |   0.0
      Sewer |       0 |      56 | 100.0 |       0 |      17 | 100.0
            +---------+---------+-------+---------+---------+-------
